Map: Ever Dream LE

Players

Rail - Winner!

  • Race: Protoss Protoss
  • League: Grandmaster
  • Spawn Location: 7:00

soul

  • Race: Terran Terran
  • League: Grandmaster
  • Spawn Location: 1:00

Event: DreamHack SC2 Masters 2020 Summer Europe

VOD

Have the link to the VOD?

Description

Time

  • Played on: June 27, 2020, 12:47 p.m.
  • Length: 14:15

All games in this series

Show
View Real Time Build Order
Export as new Build Order

Rail Protoss - Winner!

Build Orders: 1 Gate Expand, Phoenix Opening, Colossus Rush 

Get SALT Encoding   

  12  0:00  Probe  
  13  0:12  Probe  
  14  0:17  Pylon  
  14  0:24  Probe  
  15  0:32  Probe  
  15  0:37  Gateway  
  15  0:40  Probe  
  16  0:46  Assimilator  
  17  0:51  Probe  
  18  1:03  Probe  
  19  1:18  Nexus  
  19  1:27  Cybernetics Core  
  19  1:30  Probe  
  20  1:35  Assimilator  
  20  1:42  Probe  
  20  1:45  Pylon  
  21  1:54  Probe, Adept  
  22  2:06  Probe  
  25  2:11  Stargate  
  25  2:18  Probe  
  25  2:21  Warp Gate  
  26  2:24  Adept  
  26  2:26  Probe  
  29  2:30  Probe  
  29  2:34  Probe  
  30  2:43  Probe  
  32  2:44  Probe  
  32  2:46  Phoenix  
  33  2:55  Probe  
  33  2:56  Probe, Adept  
  39  3:07  Probe  
  39  3:08  Probe  
  39  3:09  Robotics Facility  
  41  3:16  Gateway  
  41  3:19  Probe  
  42  3:21  Pylon  
  42  3:23  Probe  
  42  3:26  Phoenix  
  43  3:28  Assimilator  
  43  3:31  Assimilator  
  43  3:37  Probe  
  46  3:43  Probe  
  46  3:46  Pylon  
  47  3:49  Phoenix  
  47  3:50  Probe  
  47  3:55  Probe  
  51  4:02  Probe  
  52  4:06  Robotics Bay, Pylon  
  52  4:09  Zealot  
  54  4:13  Observer  
  54  4:14  Zealot  
  54  4:16  Probe  
  58  4:18  Probe  
  58  4:23  Phoenix  
  61  4:28  Probe  
  61  4:30  Probe  
  63  4:31  Pylon  
  63  4:34  Colossus  
  63  4:40  Probe, Sentry, Zealot  
  68  4:56  Pylon  
  74  5:03  Stalker  
  74  5:04  Zealot  
  78  5:10  Pylon  
  78  5:16  Colossus  
  78  5:17  Nexus  
  78  5:30  Pylon  
  78  5:34  Probe x2  
  86  5:39  Extended Thermal Lance  
  86  5:41  Phoenix  
  88  5:46  Probe x2  
  90  5:58  Probe x2  
  90  6:00  Twilight Council  
  92  6:04  Stalker, Sentry  
  92  6:10  Probe, Immortal  
  101  6:13  Probe  
  101  6:14  Pylon  
  102  6:23  Gateway  
  102  6:26  Forge  
  102  6:29  Probe, Gateway  
  103  6:34  Forge  
  103  6:36  Charge  
  103  6:37  Probe x2  
  103  6:38  Probe  
  103  6:43  Protoss Ground Weapons Level 1  
  103  6:45  Probe x2  
  103  6:46  Probe, Stalker  
  111  6:55  Probe x3  
  111  6:57  Pylon  
  111  7:00  Protoss Ground Armor Level 1  
  114  7:02  Assimilator x2  
  114  7:07  Probe x2  
  114  7:08  Probe, Templar Archives  
  117  7:19  Probe x2  
  117  7:23  Immortal, Zealot x3  
  117  7:27  Stalker  
  122  7:39  Probe  
  122  7:40  Probe  
  122  7:42  Photon Cannon  
  124  7:45  Gateway  
  124  7:46  Gateway  
  124  7:47  Probe  
  124  7:49  Pylon  
  125  7:51  Photon Cannon  
  125  7:54  Sentry  
  125  7:55  High Templar  
  125  7:56  High Templar  
  131  7:58  Photon Cannon  
  131  7:59  Blink  
  131  8:00  Archon  
  131  8:06  Gateway  
  131  8:07  Gateway  
  131  8:11  Stalker  
  133  8:18  Warp Prism  
  135  8:21  Gateway  
  135  8:23  Pylon  
  135  8:25  Protoss Ground Weapons Level 2  
  135  8:26  Gateway  
  135  8:30  Pylon  
  135  8:35  High Templar  
  135  8:36  Zealot, High Templar  
  135  8:40  Pylon, Archon  
  141  8:42  Pylon, Protoss Ground Armor Level 2  
  141  8:47  Pylon  
  141  8:48  Pylon  
  141  8:49  Zealot  
  141  8:54  Observer  
  144  8:58  Pylon  
  144  9:10  Nexus  
  144  9:14  Zealot x3, High Templar x2  
  154  9:18  Zealot  
  154  9:20  Archon  
  154  9:22  Zealot x2  
  160  9:26  Zealot  
  162  9:32  Probe, Pylon  
  163  9:41  Zealot x3, High Templar x2  
  163  9:44  Stalker  
  163  9:45  Zealot, Archon  
  177  9:49  High Templar x2  
  177  9:50  Zealot  
  183  9:54  Archon  
  183  9:56  Unknown  
  183  10:03  Probe x3  
  164  10:15  Probe x3  
  167  10:27  Probe x2  
  169  10:28  High Templar x2  
  169  10:29  Zealot x3  
  169  10:34  Archon  
  169  10:35  Stalker x2  
  183  10:37  Stalker x2  
  183  10:38  Stalker  
  183  10:42  Protoss Ground Weapons Level 3  
  189  10:45  Probe, Photon Cannon  
  189  10:46  Probe  
  191  10:58  Probe  
  191  11:01  Stalker x3  
  191  11:03  Stalker  
  200  11:06  Photon Cannon, Protoss Ground Armor Level 3  
  199  11:12  Probe x3  
  197  11:22  Probe, Photon Cannon  
  197  11:24  Probe x2  
  200  11:27  Photon Cannon  
  136  12:04  Stalker, Zealot x7  
  136  12:05  Zealot x2, Colossus  
  136  12:08  Probe  
  135  12:16  Phoenix  
  133  12:26  Stalker x4  
  133  12:27  Stalker x3  
  147  12:30  Sentry x2  
  147  12:43  Stalker  
  135  12:52  Stalker, High Templar x2  
  135  12:53  Stalker x4  
  135  12:54  High Templar x2  
  135  12:56  Stalker, Archon  
  155  12:59  Observer  
  155  13:00  Archon  
  112  13:16  Sentry, High Templar x2  
  112  13:17  Stalker x2  
  122  13:20  Stalker  
  122  13:21  Archon  
  122  13:25  Immortal  
  122  13:26  Stalker x3  
  134  13:28  High Templar  
  134  13:32  Stalker  
  136  13:34  Stalker  
  132  13:43  Stalker x4  
  136  13:51  Stalker, High Templar x2  
  136  13:54  Stalker  
  136  13:55  Archon  
  144  13:57  Stalker  
  144  13:58  Stalker  
  142  14:10  Stalker x2  
  142  14:11  Stalker x2  
Show
View Real Time Build Order
Export as new Build Order

soul Terran 

Build Orders:  

Get SALT Encoding   

  12  0:00  SCV  
  13  0:12  SCV  
  14  0:16  Supply Depot  
  14  0:25  SCV  
  15  0:38  SCV  
  15  0:41  Barracks  
  16  0:44  Refinery  
  16  0:50  SCV  
  17  1:02  SCV  
  18  1:14  SCV  
  19  1:28  Orbital Command  
  19  1:29  Marine  
  20  1:40  Command Center  
  20  1:48  Barracks Reactor  
  20  1:54  SCV  
  21  1:56  Supply Depot  
  21  2:06  Factory  
  21  2:07  SCV  
  22  2:13  Refinery  
  22  2:19  SCV  
  23  2:23  Marine x2  
  25  2:31  SCV  
  26  2:41  Marine x2  
  26  2:43  SCV  
  29  2:51  Starport  
  29  2:52  Orbital Command  
  29  2:55  SCV  
  29  2:56  Widow Mine  
  32  3:00  Marine  
  33  3:07  SCV  
  34  3:17  SCV  
  34  3:19  SCV  
  38  3:20  Factory Tech Lab  
  38  3:22  Marine  
  38  3:23  Marine  
  38  3:30  SCV  
  38  3:31  SCV  
  38  3:32  Supply Depot  
  40  3:35  Viking  
  40  3:40  Cyclone, Marine  
  46  3:45  Supply Depot  
  46  3:54  SCV x2, Supply Depot, Marine  
  49  3:58  Marine  
  50  4:06  SCV  
  50  4:08  Command Center  
  50  4:09  SCV  
  55  4:17  Cyclone  
  55  4:18  SCV  
  55  4:20  Armory  
  55  4:22  SCV  
  57  4:26  Marine x2  
  59  4:32  SCV, Barracks  
  59  4:35  SCV  
  59  4:37  Supply Depot  
  61  4:44  SCV, Marine  
  62  4:47  SCV  
  62  4:48  Barracks  
  62  4:50  Refinery  
  62  4:52  Refinery  
  63  4:55  Viking  
  65  5:00  Siege Tank  
  65  5:02  SCV  
  65  5:04  SCV  
  70  5:07  Supply Depot  
  70  5:09  Drilling Claws  
  70  5:14  SCV  
  70  5:16  Bunker  
  70  5:19  Supply Depot, Marine  
  72  5:24  Barracks Tech Lab  
  72  5:26  Orbital Command  
  73  5:28  SCV  
  73  5:30  SCV  
  73  5:35  Widow Mine  
  76  5:38  Barracks Tech Lab  
  76  5:40  SCV  
  77  5:46  Engineering Bay  
  77  5:47  Stimpack, Engineering Bay  
  76  5:55  SCV  
  76  5:56  Widow Mine  
  75  5:59  Marauder, Marine x2  
  75  6:00  Marauder  
  75  6:02  SCV  
  75  6:03  Combat Shield  
  82  6:08  SCV, Supply Depot  
  83  6:12  Starport Reactor  
  83  6:13  Terran Infantry Weapons Level 1, Terran Infantry Armor Level 1  
  83  6:14  SCV  
  83  6:16  Orbital Command  
  83  6:17  Marine  
  85  6:19  Missile Turret  
  85  6:20  SCV  
  85  6:22  Medivac  
  90  6:26  SCV  
  89  6:33  SCV  
  89  6:36  Barracks  
  89  6:37  Barracks  
  89  6:38  SCV  
  91  6:40  Factory Reactor  
  91  6:42  SCV  
  91  6:45  SCV  
  91  6:46  Missile Turret  
  93  6:48  Marauder  
  93  6:50  SCV  
  94  6:54  Starport Reactor  
  94  6:55  SCV  
  94  6:57  SCV  
  96  7:02  Marauder, Marine  
  96  7:03  SCV  
  96  7:07  SCV  
  101  7:09  SCV, Supply Depot, Marauder, Marine  
  101  7:10  Supply Depot  
  101  7:15  SCV  
  105  7:19  SCV  
  105  7:20  Marine  
  105  7:21  SCV  
  105  7:22  Concussive Shells, Supply Depot  
  102  7:23  Supply Depot  
  102  7:24  Marauder  
  102  7:27  SCV  
  105  7:31  SCV, Marauder, Widow Mine  
  105  7:32  Marine  
  105  7:33  SCV  
  112  7:38  Marine  
  112  7:39  SCV  
  112  7:40  Medivac  
  112  7:42  Medivac  
  112  7:43  SCV  
  117  7:45  SCV, Marauder  
  117  7:46  Barracks Reactor, Widow Mine  
  121  7:51  SCV  
  121  7:52  Marauder  
  121  7:53  Widow Mine  
  121  7:55  SCV  
  121  7:57  SCV  
  127  8:00  Bunker  
  127  8:03  SCV, Bunker, Refinery x2  
  128  8:07  SCV, Widow Mine  
  128  8:09  SCV  
  128  8:10  Medivac  
  128  8:12  Medivac  
  136  8:13  Fusion Core  
  136  8:15  SCV, Marine  
  136  8:16  Marauder  
  136  8:17  Marine  
  136  8:19  SCV  
  142  8:21  SCV, Widow Mine  
  145  8:27  SCV  
  145  8:31  SCV  
  145  8:33  Marauder  
  149  8:34  Command Center  
  149  8:37  Supply Depot  
  149  8:38  Supply Depot  
  149  8:39  Supply Depot  
  149  8:43  Missile Turret  
  149  8:47  Bunker  
  149  8:59  SCV, Marauder, Marine  
  149  9:00  SCV x2, Marauder x2, Marine x2  
  163  9:06  Advanced Ballistics, Liberator  
  163  9:07  Liberator  
  163  9:09  Marine  
  164  9:12  Widow Mine x2  
  164  9:16  Marine  
  169  9:17  Supply Depot  
  169  9:18  Supply Depot  
  169  9:19  Terran Infantry Weapons Level 2  
  169  9:21  Marauder  
  169  9:22  Marauder  
  173  9:26  Terran Infantry Armor Level 2  
  173  9:39  Marauder, Marine x3, Sensor Tower  
  173  9:41  Starport  
  173  9:42  Marauder  
  173  9:43  Marauder  
  182  9:51  Liberator x2  
  187  9:53  Marine  
  188  10:01  Marauder, Marine  
  188  10:02  Widow Mine x2  
  188  10:03  Marauder  
  189  10:10  Marauder, Marine  
  189  10:13  Marine  
  190  10:20  Starport Reactor  
  190  10:21  Marine  
  190  10:22  Marauder  
  190  10:25  Marauder  
  192  10:30  Barracks  
  192  10:32  Marauder  
  192  10:34  Barracks, Liberator x2  
  200  10:36  Factory Reactor  
  200  10:59  Refinery x2  
  199  11:20  Missile Turret  
  199  11:23  Barracks Tech Lab x2  
  199  11:24  Liberator x2  
  197  11:26  Ghost Academy  
  194  11:36  Terran Ship Weapons Level 1, Planetary Fortress  
  194  11:39  Liberator  
  196  11:47  Liberator  
  196  11:54  Marauder, Marine x2  
  184  11:56  Marauder, Marine  
  184  11:57  Marauder x2, Marine  
  184  11:58  Marauder  
  147  12:07  Liberator x2  
  131  12:12  Marine x2  
  131  12:14  Marine x2  
  124  12:16  Marauder  
  124  12:18  Marauder x3  
  124  12:19  Marauder  
  124  12:20  SCV x3  
  124  12:22  Liberator  
  140  12:26  Widow Mine  
  140  12:28  Widow Mine  
  140  12:29  Marine  
  144  12:30  Marine, Liberator  
  144  12:33  SCV x3  
  146  12:37  Marauder  
  146  12:41  Marine  
  142  12:45  SCV, Ghost x2  
  142  12:46  Ghost  
  142  12:48  SCV x3, Widow Mine  
  142  12:49  Widow Mine  
  146  12:57  SCV  
  147  12:58  Refinery, Liberator  
  147  13:00  SCV x3  
  147  13:05  Marauder, Marine  
  142  13:07  Marine  
  142  13:08  Marine  
  142  13:09  SCV, Widow Mine, Marine  
  142  13:10  Widow Mine  
  142  13:12  SCV x2, Marine  
  130  13:20  Medivac  
  130  13:25  Medivac x2  
  135  13:39  Widow Mine, Marine  
  135  13:40  Marauder x2  
  120  13:41  Medivac  
  120  13:42  Marauder, Marine  
  120  13:43  Marauder x2  
  120  13:48  Widow Mine  
  123  13:51  Marine  
Tags
 
Add a new tag
Caveats
  • Supply blocks, unpowered buildings, or Contaminate may cause inaccurate times.
  • Supply counts are checked every 10 seconds.